 Dungeon Crawl Stone Soup version 0.18.1-47-g9310371 (console) character file.

22134 Kloppie the Warrior (level 12, -23/183 HPs)
             Began as a Minotaur Berserker on June 22, 2016.
             Was a High Priest of Trog.
             Annihilated by Rupert
             ... wielding a +1 great mace of venom
              (43 damage)
             ... on level 3 of the Lair of Beasts.
             The game lasted 00:22:12 (11920 turns).

Kloppie the Warrior (Minotaur Berserker)           Turns: 11920, Time: 00:22:14

Health: -23/183    AC: 17    Str: 28    XL:     12   Next: 60%
Magic:  11/11      EV: 10    Int:  4    God:    Trog [*****.]
Gold:   685        SH:  0    Dex: 14    Spells: 0 memorised, 11 levels left

rFire  + . .     SeeInvis .     a - +4 falchion (flame)
rCold  + . .     Gourm    .     N - +1 chain mail {rF+}
rNeg   + . .     Faith    .     (no shield)
rPois  .         Spirit   .     (helmet restricted)
rElec  .         Dismiss  .     u - +0 cloak
rCorr  .         Reflect  .     j - +1 pair of gloves
SustAt .         Harm     .     (no boots)
MR     ++...                    Q - amulet of regeneration
Stlth  ..........               G - ring of positive energy
                                C - ring of protection from cold

@: berserking, lethally poisoned (-23 -> -25), regenerating, very quick, very
resistant to hostile enchantments, extremely unstealthy
A: retaliatory headbutt, horns 2
a: Berserk, Trog's Hand, Brothers in Arms, Burn Spellbooks, Renounce Religion


You were on level 3 of the Lair of Beasts.
You worshipped Trog.
Trog was extremely pleased with you.
You were hungry.

You visited 2 branches of the dungeon, and saw 14 of its levels.

You collected 877 gold pieces.
You spent 192 gold pieces at shops.

Inventory:

Hand Weapons
 a - a +4 falchion of flaming (weapon)
 z - a +0 falchion
 R - a +0 scimitar
Armour
 j - a +1 pair of gloves (worn)
 u - a +0 cloak (worn)
 N - a +1 chain mail of fire resistance (worn)
Jewellery
 r - an uncursed ring of flight
 w - an uncursed ring of protection from cold
 C - a ring of protection from cold (left hand)
 G - a ring of positive energy (right hand)
 Q - an amulet of regeneration (around neck)
Wands
 e - a wand of digging (5/24)
 E - a wand of lightning (4/15)
 J - a wand of teleportation (4/9)
Scrolls
 b - 3 scrolls of teleportation
 f - 5 scrolls of remove curse
 k - 8 scrolls of identify
 v - 5 scrolls of magic mapping
 K - a scroll of recharging
 O - a scroll of fear
Potions
 d - 5 potions of flight
 h - a potion of curing
 p - a potion of might
 x - 4 potions of brilliance
 D - 2 potions of cancellation
 I - a potion of haste
 S - a potion of invisibility
Comestibles
 c - 11 bread rations
 g - 6 fruits
 i - a royal jelly
 l - 10 chunks of flesh
 m - 6 meat rations
 s - 4 beef jerkies
 L - 8 slices of pizza


   Skills:
 + Level 15.7 Fighting
 - Level 15.0 Long Blades
 + Level 12.2 Armour
 - Level 2.1 Dodging


You had 11 spell levels left.
You didn't know any spells.

Dungeon Overview and Level Annotations

Branches:
Dungeon (11/15)            Temple (0/1) D:5            Lair (3/8) D:11
    Orc (0/2) D:11
  Swamp: Lair:3-6    Shoals: Lair:3-6     Snake: Lair:3-6    Spider: Lair:3-6

Altars:
Ashenzari
Cheibriados
Dithmenos
Fedhas
Makhleb
Okawaru
Pakellas
Ru
Sif Muna
Trog
Vehumet
Yredelemnul

Shops:
D:7 }   D:10 !

Annotations:
D:8 exclusion: statue
Lair:3 Rupert


Innate Abilities, Weirdness & Mutations

You reflexively headbutt those who attack you in melee.
You have a pair of horns on your head.


Message History

You are poisoned.
Rupert hits you with a great mace of venom!
* * * LOW HITPOINT WARNING * * *
You are more poisoned.
You slash Rupert! You burn Rupert. You headbutt Rupert!
Rupert is heavily wounded.
You feel sick.
You slash Rupert! You burn Rupert.
Rupert is heavily wounded.
You barely miss Rupert. Your headbutt misses Rupert.
Rupert is heavily wounded.
You feel sick.
Rupert hits you with a great mace of venom!!
* * * LOW HITPOINT WARNING * * *
You are more poisoned.
You slash Rupert! You burn Rupert. You headbutt Rupert!
Rupert is severely wounded.
You feel sick.
Rupert hits you with a great mace of venom!!!
You die...

## # ##.#######
##.#........#### #####
#....##......#.#####.#.### ###
#...#.#.........##P#......##P.
#....#..PP###.P.......# ....
#...#######.......# #..
##.†.†..@@.#..#...## ###
#...#######.#....P# # #.....#
###....## #....## #.....#
##### #.@.## ##.....# #.#..
#...P# ##......####... #....#
................ .....#
.....P.........#
.............###


You could see Rupert (berserk).

Vanquished Creatures
  A hydra (Lair:1)
  A centaur warrior (D:10)
  2 death yaks (Lair:3)
  Nergalle (Lair:3)
  A skeletal warrior (D:10)
  2 hill giants (D:11)
  6 spiny frogs
  2 komodo dragons
  A troll (D:10)
  Prince Ribbit (D:7)
  4 blink frogs (Lair:1)
  Sigmund (D:3)
  2 wyverns (D:11)
  35 yaks
  A human (D:7)
  5 hippogriffs
  2 hungry ghosts (D:11)
  Grum (D:8)
  2 water moccasins
  6 porcupines
  An orc warrior (D:11)
  2 black bears
  3 ice beasts
  3 phantoms
  An eye of draining (D:10)
  A wasp (D:11)
  A centaur (D:9)
  A necrophage (D:9)
  3 wolves (D:8)
  4 ogres
  3 big kobolds
  6 crocodiles
  9 giant frogs
  A wyvern zombie (D:10)
  2 scorpions
  5 killer bees (D:8)
  9 wights
  3 howler monkeys
  6 crimson imps
  A quasit (D:11)
  A centaur skeleton (D:9)
  4 orc priests
  A jelly (D:6)
  2 giant frog skeletons
  3 hounds
  13 orc wizards
  Ijyb (D:3)
  Crazy Yiuf (D:3)
  6 iguanas
  7 worker ants
  3 sheep (D:7)
  4 hound zombies
  2 hound skeletons
  2 worker ant zombies
  8 gnolls
  26 river rats
  16 adders
  2 shadow imps
  An adder skeleton (D:5)
  2 worms
  3 dart slugs
  6 giant geckos
  25 orcs
  10 bats
  5 giant cockroaches
  6 goblins
  10 hobgoblins
  16 jackals
  6 quokkas
  A jackal zombie (D:7)
  16 kobolds
  13 rats
364 creatures vanquished.

Vanquished Creatures (collateral kills)
  A death yak (Lair:3)
  A griffon (Lair:3)
  A wight (D:11)
  An orc (D:11)
4 creatures vanquished.

Vanquished Creatures (others)
  12 fungi
  3 plants (D:11)
15 creatures vanquished.

Grand Total: 383 creatures vanquished

Notes
Turn   | Place    | Note
--------------------------------------------------------------
     0 | D:1      | Kloppie the Minotaur Berserker began the quest for the Orb.
     0 | D:1      | Reached XP level 1. HP: 19/19 MP: 0/0
   161 | D:1      | Reached XP level 2. HP: 18/27 MP: 1/1
   172 | D:1      | Found a shattered altar of Ashenzari.
   605 | D:2      | Reached XP level 3. HP: 30/34 MP: 2/2
   855 | D:2      | Reached ** piety under Trog
   960 | D:2      | Found a deep blue altar of Sif Muna.
  1093 | D:2      | Found a burning altar of Makhleb.
  1129 | D:2      | Reached skill level 5 in Long Blades
  1208 | D:2      | Reached XP level 4. HP: 41/41 MP: 3/3
  1436 | D:3      | Found a faded altar to an unknown god.
  1608 | D:3      | Reached skill level 5 in Fighting
  1745 | D:3      | Noticed Ijyb
  1765 | D:3      | Killed Ijyb
  1765 | D:3      | Reached XP level 5. HP: 43/48 MP: 4/4
  1868 | D:3      | Noticed Crazy Yiuf
  1872 | D:3      | Killed Crazy Yiuf
  2139 | D:3      | Reached *** piety under Trog
  2222 | D:3      | Noticed Sigmund
  2227 | D:3      | Killed Sigmund
  2227 | D:3      | Reached XP level 6. HP: 57/57 MP: 5/5
  3031 | D:4      | Reached XP level 7. HP: 64/64 MP: 6/6
  3750 | D:5      | Entered Level 5 of the Dungeon
  3782 | D:5      | Found a staircase to the Ecumenical Temple.
  3825 | D:5      | Reached **** piety under Trog
  4034 | D:5      | Reached XP level 8. HP: 73/73 MP: 7/7
  4083 | D:5      | Found a shadowy altar of Dithmenos.
  4084 | D:5      | Reached skill level 10 in Long Blades
  4225 | D:5      | Found a shadowy altar of Dithmenos.
  4572 | D:6      | Found a basalt altar of Yredelemnul.
  4771 | D:6      | Found a bloodstained altar of Trog.
  4822 | D:6      | Found a sacrificial altar of Ru.
  5438 | D:7      | Noticed Prince Ribbit
  5465 | D:7      | Killed Prince Ribbit
  5465 | D:7      | Reached XP level 9. HP: 71/83 MP: 8/8
  5485 | D:7      | Found Xixiceac's Quality Used Wands.
  5500 | D:7      | Bought a wand of teleportation (0/9) for 192 gold pieces
  5693 | D:7      | Reached ***** piety under Trog
  5738 | D:8      | Found an iron altar of Okawaru.
  6435 | D:8      | Noticed Grum
  6446 | D:8      | Received a gift from Trog
  6446 | D:8      | Reached skill level 10 in Fighting
  6732 | D:8      | Killed Grum
  6768 | D:8      | Found a snail-covered altar of Cheibriados.
  7123 | D:8      | Found a radiant altar of Vehumet.
  7406 | D:9      | Found a blossoming altar of Fedhas.
  7491 | D:9      | Reached XP level 10. HP: 92/94 MP: 9/9
  7991 | D:10     | Entered Level 10 of the Dungeon
  8109 | D:10     | Received a gift from Trog
  8281 | D:10     | Reached skill level 15 in Long Blades
  8396 | D:10     | Noticed a skeletal warrior
  8405 | D:10     | Killed a skeletal warrior
  8405 | D:10     | Reached skill level 5 in Armour
  8699 | D:10     | Reached XP level 11. HP: 78/104 MP: 10/10
  8751 | D:10     | Noticed a centaur warrior
  8761 | D:10     | Killed a centaur warrior
  8900 | D:10     | Found Emerhen's Distillery.
  9274 | D:11     | Found an oddly glowing altar of Pakellas.
  9274 | D:11     | Noticed a hill giant
  9288 | D:11     | Killed a hill giant
  9374 | D:11     | Noticed a hill giant
  9389 | D:11     | Killed a hill giant
  9591 | D:11     | Found a staircase to the Lair.
  9642 | Lair:1   | Entered Level 1 of the Lair of Beasts
  9808 | Lair:1   | Noticed a six-headed hydra
  9814 | Lair:1   | Killed a one-headed hydra
  9941 | Lair:1   | Gained mutation: Scrolls take you a little longer to read. [potion of mutation]
  9941 | Lair:1   | Lost mutation: Scrolls take you a little longer to read. [potion of mutation]
  9941 | Lair:1   | Gained mutation: You are clumsy. (Dex -2) [potion of mutation]
  9942 | Lair:1   | Lost mutation: You are clumsy. (Dex -2) [potion of cure mutation]
 10226 | Lair:1   | Reached skill level 10 in Armour
 10744 | Lair:2   | Reached XP level 12. HP: 103/118 MP: 11/11
 11608 | Lair:3   | Noticed Nergalle
 11623 | Lair:3   | Killed Nergalle
 11623 | Lair:3   | Reached skill level 15 in Fighting
 11870 | Lair:3   | Noticed a death yak
 11873 | Lair:3   | Noticed a death yak
 11883 | Lair:3   | Killed a death yak
 11883 | Lair:3   | Noticed a death yak
 11884 | Lair:3   | Noticed Rupert
 11896 | Lair:3   | Killed a death yak
 11911 | Lair:3   | Killed a death yak
 11920 | Lair:3   | Annihilated by Rupert

Skill      XL: |  1  2  3  4  5  6  7  8  9 10 11 12 |
---------------+-------------------------------------+-----
Fighting       | 4 5 6 7 9 10 12 14 15 | 15.7
Long Blades    | 4 5 7 8 9 11 13 15 | 15.0
Armour         | 5 10 12 | 12.2
Dodging        | |  2.1

Action                   |  1- 3 |  4- 6 |  7- 9 | 10-12 || total
-------------------------+-------+-------+-------+-------++-------
Melee: Falchion          |    76 |   135 |   366 |   665 ||  1242
       Headbutt          |     8 |    21 |    57 |   179 ||   265
Invok: Berserk           |       |     3 |     3 |     4 ||    10
       Trog's Hand       |       |     1 |     3 |     5 ||     9
       Brothers in Arms  |       |       |       |     3 ||     3
Evoke: Wand              |       |       |       |     1 ||     1
  Use: Scroll            |       |     6 |     8 |    18 ||    32
       Potion            |       |       |     3 |     7 ||    10
  Eat: Chunk             |     1 |     9 |    15 |    20 ||    45
       Fruit             |       |       |     1 |       ||     1
       Royal jelly       |       |       |     1 |       ||     1
       Beef jerky        |       |       |       |     1 ||     1
Armor: Ring mail         |    22 |    33 |       |       ||    55
       Animal skin       |     1 |       |       |       ||     1
       Scale mail        |       |    18 |   104 |       ||   122
       Chain mail        |       |       |    68 |   303 ||   371
       Skin              |       |       |     1 |       ||     1
Dodge: Dodged            |    46 |    76 |   195 |   190 ||   507
